 Dungeon Crawl Stone Soup version 0.22-a0-157-g169b76a (webtiles) character file.

13 KristoblXynda the Charlatan (level 2, -1/14 HPs)
             Began as a Spriggan Artificer on Feb 8, 2018.
             Slain by a hobgoblin
             ... wielding a +0 club
              (6 damage)
             ... on level 1 of the Dungeon.
             The game lasted 00:00:29 (513 turns).

KristoblXynda the Charlatan (Spriggan Artificer)     Turns: 513, Time: 00:00:29

Health: -1/14      AC:  2    Str:  8    XL:     2   Next: 24%
Magic:  6/6        EV: 18    Int: 12    God:
Gold:   27         SH:  0    Dex: 16    Spells: 1/1 levels left

rFire    . . .     SeeInvis +   a - +0 short sword
rCold    . . .     Gourm    .   (shield restricted)
rNeg     . . .     Faith    .   b - +0 robe
rPois    .         Spirit   .   (helmet restricted)
rElec    .         Reflect  .   (no cloak)
rCorr    .         Harm     .   (gloves unavailable)
MR       .....                  (boots unavailable)
Stlth    ++........             (no amulet)
HPRegen  0.04/turn              (no ring)
MPRegen  0.10/turn              (no ring)

@: very quick
A: very small, unfitting armour, see invisible, herbivore, speed 3, slow
metabolism 2
a: no special abilities


You were on level 1 of the Dungeon.
You were not hungry.

You visited 1 branch of the dungeon, and saw 1 of its levels.

You collected 27 gold pieces.

Inventory:

Hand Weapons
 a - a +0 short sword (weapon)
Armour
 b - a +0 robe (worn)
Jewellery
 k - an uncursed ring of resist corrosion {unknown}
Wands
 c - a wand of flame (15)
 d - a wand of enslavement (15)
 e - a wand of random effects (15)
Scrolls
 h - a scroll of remove curse {unknown}
 j - a scroll of immolation {unknown}
Potions
 g - a potion of berserk rage {unknown}
 i - a potion of haste {unknown}
Comestibles
 f - a ration


   Skills:
 - Level 0.7 Fighting
 + Level 1.6 Short Blades
 + Level 3.3 Dodging
 + Level 2.2 Stealth
 + Level 4.2 Evocations


You had one spell level left.
You didn't know any spells.

Dungeon Overview and Level Annotations

Branches:
Dungeon (1/15)

Altars:


Innate Abilities, Weirdness & Mutations

You are very small and have problems with some larger weapons.
You are too small for most types of armour.
You have supernaturally acute eyesight. (SInv)
You are a herbivore.
You cover ground extremely quickly.
You need consume almost no food.


Message History

A kobold is nearby!
A hobgoblin comes into view. It is wielding a club.
Found a stone staircase leading down.
A rat comes into view.
A rat comes into view.
The kobold shouts!
The hobgoblin shouts!
You hear a shout!
The kobold misses you.
You hit the kobold.
The kobold is severely wounded.
The kobold barely misses you.
You closely miss the rat. The rat barely misses you.
You hit the rat.
You kill the rat!
You hit the hobgoblin but do no damage. The hobgoblin hits you with a club.
You hit the hobgoblin but do no damage. The hobgoblin hits you with a club.
A goblin comes into view. It is wielding a club.
You barely miss the hobgoblin. The hobgoblin hits you with a club.
You hit the hobgoblin but do no damage. The hobgoblin misses you.
You completely miss the hobgoblin. The hobgoblin hits you with a club.
You die...

#.# ## #.# . #.# #.
#.##### #. #...... #..
#.##### #..# ####)# #
###...###########....#####
#......Kg@........##......
#......g########........##
........>..## ##.#####.##
##........#.## #.# #.#
#.....#.###.## #.# #.#
#......## ##.####.# #.#
#..#... #.......# #.#
....... #.############.##
...##.. #.# #......


You could see a hobgoblin, a goblin and a kobold.

Vanquished Creatures
  A dart slug (D:1)
  A leopard gecko (D:1)
  A hobgoblin (D:1)
  3 jackals (D:1)
  A kobold (D:1)
  2 rats (D:1)
9 creatures vanquished.

Notes
Turn   | Place    | Note
-------+----------+-------------------------------------------
     0 | D:1      | KristoblXynda the Spriggan Artificer began the quest for the Orb.
     0 | D:1      | Reached XP level 1. HP: 9/9 MP: 4/4
   230 | D:1      | Reached XP level 2. HP: 14/14 MP: 6/6
   513 | D:1      | Slain by a hobgoblin

Vault maps used:
D:1:      roderic_octagonal_star, grunt_decor_one_mirror,
          nemelex_diamond_rough_becter

Skill      XL: |  1 |
---------------+----+-----
Stealth        | 2 |  2.2
Fighting       | |  0.7
Short Blades   | |  1.6
Dodging        | |  3.3
Evocations     | |  4.2

Action                   || total
-------------------------++-------
Melee: Short sword       ||    51
 Stab: Sleeping          ||     2
Armor: Robe              ||     3
Dodge: Dodged            ||    43

Table legend:
 A = Spawn XP
 B = Non-spawn XP
 C = Spawn XP percentage of total XP
 D = Spawn monster count
 E = Non-spawn monster count
 F = Spawn count percentage of total count
 G = Total turns spent on level
                    A         B        C        D         E        F      G
               +---------+---------+-------+---------+---------+-------+---------
         Total |       0 |      19 |   0.0 |       0 |       9 |   0.0 |   513
               +---------+---------+-------+---------+---------+-------+---------
           D:1 |       0 |      19 |   0.0 |       0 |       9 |   0.0 |   513
               +---------+---------+-------+---------+---------+-------+---------
